 Dungeon Crawl Stone Soup version 0.31-a0-198-g2ad674f65e (webtiles) character file.

Game seed: 6742667069723716110

46 xavierdantius32 the Sneak (level 3, 0/21 HPs)
             Began as a Kobold Brigand on June 25, 2023.
             Was an Initiate of Ashenzari.
             Slain by a goblin
             ... wielding a +0 dagger
             ... led by Robin
              (4 damage)
             ... on level 2 of the Dungeon.
             The game lasted 00:11:09 (1237 turns).

xavierdantius32 the Sneak (Kobold Brigand)          Turns: 1237, Time: 00:11:10

Health: 0/21       AC:  4    Str:  8    XL:     3   Next: 92%
Magic:  3/3        EV: 13    Int: 12    God:    Ashenzari [......]
Gold:   36         SH:  0    Dex: 18    Spells: 2/2 levels left

rFire   . . .        a - +2 dagger
rCold   . . .        (no shield)
rNeg    . . .        g - +0 leather armour
rPois   .            (no helmet)
rElec   .            c - +0 cloak
rCorr   .            (no gloves)
SInv    .            (no boots)
Will    .....        (no amulet)
Stlth   ++++         (no ring)
HPRegen 0.23/turn    (no ring)
MPRegen 0.08/turn

%: no passive effects
@: no status effects
A: small, no large weapons, nightstalker 3
a: Renounce Religion, Curse Item


You were on level 2 of the Dungeon.
You worshipped Ashenzari.
Ashenzari was noncommittal.
You visited 1 branch of the dungeon, and saw 2 of its levels.

You collected 36 gold pieces.

Inventory:

Hand Weapons
 a - a +2 dagger (weapon)
 h - a +0 short sword
 i - a +1 whip of pain
Missiles
 d - 7 poisoned darts (quivered)
 e - 3 curare-tipped darts
Armour
 b - a +0 robe
 c - a +0 cloak (worn)
 g - a +0 leather armour (worn)
Scrolls
 j - a scroll of blinking {unknown}
 k - a scroll of noise {unknown}
Potions
 l - 2 potions of curing {unknown}


   Skills:
 + Level 2.1 Fighting
 + Level 3.2 Short Blades
 + Level 2.2 Throwing
 + Level 0.4 Armour
 + Level 1.4 Dodging
 + Level 6.7 Stealth


You had 2 spell levels left.
You didn't know any spells.
Your spell library was empty.

Dungeon Overview and Level Annotations

Branches:
Dungeon (2/15)

Altars:
Ashenzari

Annotations:
D:2 Robin


Innate Abilities, Weirdness & Mutations

You are small and have problems with some larger weapons.
You are completely attuned to the shadows.


Message History

A hobgoblin comes into view.
Robin roars a battlecry!
The hobgoblin goes into a battle-frenzy!
You hit the goblin.
The goblin is moderately wounded.
You hit the goblin.
You kill the goblin!
The goblin hits you but does no damage. Robin throws the goblin at you!
A goblin comes into view. It is wielding a +0 club.
You hit the goblin.
You kill the goblin!
The goblin hits you with a +0 club.
A hobgoblin comes into view.
The hobgoblin shouts!
You hit the goblin.
You kill the goblin!
Robin roars a battlecry!
You hit the goblin.
You kill the goblin!
A goblin comes into view. It is wielding a +0 club.
Robin throws the goblin at you!
You hit the hobgoblin.
The hobgoblin is heavily wounded.
The goblin hits you with a +0 club. The hobgoblin hits you.
You hit the goblin.
You kill the goblin!
The hobgoblin hits you.
The air fills with toxic fumes!
As you read the scroll labelled COSATS FUAVERPH, it crumbles to dust.
It was a scroll of poison.
The hobgoblin hits you.
* * * LOW HITPOINT WARNING * * *
You hit the hobgoblin.
You kill the hobgoblin!
Really walk into that cloud of poison gas? [Y]es or [N]o only, please.
Really walk into that cloud of poison gas?
Okay, then.
The hobgoblin no longer looks unusually strong.
The goblin hits you with a +0 dagger.
You die...

.....# #... ....
..§..# #..#######..##
..§§.# #..#8...8#....
..§gg####§##.###.#P..#
..§gg@.§§§#_.#5#.'..).
..§§g####§##.###.#..##
.(§§g# #..#8...8#..#
..§..# #..#######..#
#########...........##
..........##.#...
..........##.####
..........+..#
..........#...


You could see Robin, 2 hobgoblins and 3 goblins.

Vanquished Creatures
  2 endoplasms (D:2)
  2 giant cockroaches (D:1)
  8 goblins
  8 hobgoblins
  A quokka (D:1)
  7 ball pythons (D:1)
  4 bats (D:1)
  A frilled lizard (D:1)
  4 kobolds
37 creatures vanquished.

Notes
Turn   | Place    | Note
-------+----------+-------------------------------------------
     0 | D:1      | xavierdantius32 the Kobold Brigand began the quest for the
                  | Orb.
     0 | D:1      | Reached XP level 1. HP: 12/12 MP: 1/1
   229 | D:1      | Reached XP level 2. HP: 17/17 MP: 2/2
   512 | D:1      | Reached skill level 6 in Stealth
   638 | D:1      | Reached XP level 3. HP: 21/21 MP: 3/3
  1167 | D:2      | Found a faded altar of an unknown god.
  1171 | D:2      | Prayed at the altar of an unknown god.
  1171 | D:2      | Became a worshipper of Ashenzari the Shackled
  1215 | D:2      | Noticed Robin
  1237 | D:2      | Slain by a goblin

Illustrated notes

Levels and vault maps discovered:
D:1:      minmay_arrival_radiant_lines, layout_loops_ring,
          nicolae_kite_square_tiling_tiny
D:2:      layout_basic, dreamdust_ecumenical_altar_sealed_demon, uniq_robin

Skill      XL: |  1  2 |
---------------+-------+-----
Short Blades   | 3 |  3.2
Stealth        | 6 |  6.7
Fighting       | |  2.1
Throwing       | |  2.2
Armour         | |  0.4
Dodging        | |  1.4

Action                     || total
---------------------------++-------
  Melee: Dagger            ||    62
  Throw: Dart              ||     3
    Use: Scroll            ||     1
   Stab: Sleeping          ||    21
 Armour: Leather armour    ||    10
  Dodge: Dodged            ||    21

Table legend: (Time is in decaauts)
 A = Elapsed time spent in this place.
 B = Non-inter-level travel time spent in this place.
 C = Inter-level travel time spent in this place.
 D = Time resting spent in this place.
 E = Time spent auto-exploring this place.
 F = Levels seen in this place.
 G = Mean time per level.
                   A        B        C        D        E       F      G
               +--------+--------+--------+--------+--------+-----+--------+
         Total |   1227 |    396 |    831 |      0 |      0 |   2 |  613.5 |
       Dungeon |   1227 |    396 |    831 |      0 |      0 |   2 |  613.5 |
               +--------+--------+--------+--------+--------+-----+--------+

Top non-repeatable levels by time:
     D:1: 957 daAuts
     D:2: 269 daAuts
